 Dungeon Crawl Stone Soup version 0.32-a0-711-g016ad743e0 (webtiles) character file.

Game seed: 12197997438800396863

2827 IndexError the Grappler (level 9, -3/88 HPs)
             Began as a Troll Fighter on Mar 15, 2024.
             Was a Follower of Wu Jian.
             Slain by an orc warrior
             ... wielding a +0 trident
              (19 damage)
             ... in a bailey.
             The game lasted 00:13:08 (5857 turns).

IndexError the Grappler (Troll Fighter)             Turns: 5857, Time: 00:13:09

Health: -3/88      AC:  5    Str: 26    XL:     9   Next: 45%
Magic:  8/8        EV:  9    Int:  4    God:    Wu Jian [*.....]
Gold:   443        SH:  9    Dex: 13    Spells: 8/8 levels left

rFire   . .          .
                       - Unarmed
rCold   . . .        b - +0 kite shield
rNeg    . . .        a - +0 robe
rPois   +            (helmet restricted)
rElec   .            C - +0 cloak
rCorr   .            (gloves unavailable)
SInv    .            (boots unavailable)
Will    .....        (no amulet)
Stlth   +            e - ring of poison resistance {rPois, !d}
HPRegen 1.14/turn    (no ring)
MPRegen 0.11/turn

%: no passive effects
@: no status effects
A: large, unfitting armour, claws 3, regeneration 1, shaggy fur 1, tough skin 1
a: Renounce Religion


You were in a bailey.
You worshipped Wu Jian.
Wu Jian was aware of your devotion.
You visited 2 branches of the dungeon, and saw 8 of its levels.
You also visited: Sewer and Bailey.

You collected 443 gold pieces.

Inventory:

Missiles
 f - 2 curare-tipped darts
 j - 2 poisoned darts
 t - 50 stones (quivered)
Armour
 a - a +0 robe (worn)
 b - a +0 kite shield (worn)
 C - a +0 cloak (worn)
   (You found it on level 3 of the Dungeon)
Jewellery
 e - a ring of poison resistance (left claw) {rPois, !d}
   (You found it on level 1 of the Dungeon)
 n - an amulet of the acrobat
   (You found it on level 6 of the Dungeon)
Wands
 i - a wand of warping (12)
   (You found it on level 5 of the Dungeon)
 B - a wand of mindburst (9)
   (You found it on level 3 of the Dungeon)
Scrolls
 d - a scroll of noise {unknown}
 g - 5 scrolls of identify
 k - 2 scrolls of vulnerability {unknown}
 m - 3 scrolls of fear {unknown}
 o - 5 scrolls of teleportation
 p - 2 scrolls of fog {unknown}
 D - 3 scrolls of butterflies {unknown}
 F - a scroll of enchant weapon {unknown}
Potions
 c - 3 potions of might
 h - a potion of invisibility {unknown}
 l - a potion of degeneration {!q}
 r - a potion of mutation {unknown}
 s - 3 potions of curing
 u - 3 potions of brilliance {unknown}
 w - 2 potions of haste
 A - a potion of heal wounds
 E - a potion of magic {unknown}


   Skills:
 + Level 5.4 Fighting
 + Level 5.4 Dodging
 + Level 6.0 Shields
 * Level 8.6 Unarmed Combat


You had 8 spell levels left.
You didn't know any spells.
Your spell library contained the following spells:

 Spells                   Type           Power      Damage    Failure   Level
 Sandblast                Erth           0%         2d4       73%         1
 Dazzling Flash           Conj/Hex       0%         N/A       97%         3
 Fugue of the Fallen      Necr           0%         N/A       97%         3
 Inner Flame              Hex/Fire       0%         N/A       97%         3
 Ozocubu's Armour         Ice            0%         N/A       97%         3
 Stone Arrow              Conj/Erth      0%         3d7       97%         3
 Brom's Barrelling Bould  Conj/Erth      0%         2d3       100%        4
 Ignite Poison            Fire/Alch      0%         N/A       100%        4
 Manifold Assault         Tloc           0%         N/A       100%        4
 Sticky Flame             Fire/Alch      0%         2d4       100%        4
 Irradiate                Conj/Alch      0%         3d11      100%        5
 Starburst                Conj/Fire      0%         6d3       100%        6
 Ignition                 Fire           0%         3d3       100%        8
 Maxwell's Capacitive Co  Air            0%         ∞         100%        8


Dungeon Overview and Level Annotations

Branches:
Dungeon (7/15)             Temple (1/1) D:5           Sewer (visited)
 Bailey (1/1)

Altars:
Ashenzari
Cheibriados
Dithmenos
Fedhas
Hepliaklqana
Kikubaaqudgha
Makhleb
Okawaru
Qazlal
Sif Muna
Trog
Vehumet
Wu Jian
Xom
Yredelemnul
Zin
The Shining One

Shops:
D:5 ?   D:7 (


Innate Abilities, Weirdness & Mutations

You are too large for most types of armour.
You have claws for hands.
Your natural rate of healing is unusually fast.
You are covered in fur. (AC +1)
You have tough skin. (AC +1)


Message History

An orc warrior comes into view. It is wielding a +0 trident.
Things that are here:
a +0 halberd; a +0 scale mail You spin and attack the orc.
You claw the orc! The Council accepts your kill.
An orc comes into view. It is wielding a +0 halberd.
You lunge at the orc warrior.
You claw the orc warrior! You block the orc warrior's attack.
You block the orc's attack.
You claw the orc warrior! You block the orc warrior's attack.
The orc hits you with a +0 halberd.
You take 4 damage, and have 84/88 hp.
You scratch the orc warrior. The Council accepts your kill.
The orc closely misses you. The orc barely misses you.
The orc attacks as it pursues you! The orc hits you but does no damage.
You lunge at the orc.
You completely miss the orc. You block the orc's attack.
Health restored: 88 You barely miss the orc.
You block the orc's attack.
You claw the orc! The Council accepts your kill.
Your Shields skill increases to level 6!
You lunge at the orc.
You scratch the orc.
An orc comes into view. It is wielding a +0 halberd.
The orc hits you with a +0 trident.
Things that are here:
a +0 halberd; a +0 scale mail; an orc corpse You take 5 damage, and have 83/88 hp.
The orc shouts!
You scratch the orc but do no damage. You barely miss the orc.
An orc comes into view. It is wielding a +0 halberd.
You block the orc's attack.
You mangle the orc!! The Council accepts your kill.
An orc warrior comes into view. It is wielding a +0 trident.
An orc warrior comes into view. It is wielding a +0 glaive.
The orc warrior shouts!
The orc attacks as it pursues you! You block the orc's attack.
You lunge at the orc, in a flurry of attacks.
You barely miss the orc. You claw the orc! The Council accepts your kill.
An orc knight comes into view. It is wielding a +0 halberd.
Things that are here:
a +0 halberd; a +0 scale mail; an orc corpse Health restored: 88 The orc knight shouts!
The orc attacks as it pursues you! You block the orc's attack.
Okay, then.
Aiming: Mindburst
Press: ? - help, Shift-Dir - straight line, f - orc knight
Aim: an orc knight, wielding a +0 halberd and wearing a +0 scale mail (chance to affect: 47%)
Okay, then.
Okay, then.
You lunge at the orc.
You mangle the orc!! The Council accepts your kill.
The orc warrior hits you from afar with a +0 trident!
You take 7 damage, and have 81/88 hp.
The orc warrior attacks as it pursues you!
The orc warrior hits you from afar with a +0 trident!
You take 15 damage, and have 66/88 hp.
Aiming: Warp Space
Press: ? - help, Shift-Dir - straight line, f - orc warrior
Aim: an orc warrior, wielding a +0 glaive and wearing a +0 ring mail Space twists violently!
The rupture engulfs the orc warrior!
The orc warrior blinks!
The rupture engulfs the orc warrior!
The rupture engulfs the orc knight!
The orc warrior hits you from afar with a +0 trident!
You take 14 damage, and have 53/88 hp.
Aiming: Mindburst
Press: ? - help, Shift-Dir - straight line, f/p - orc warrior
Aim: an orc warrior, wielding a +0 glaive and wearing a +0 ring mail (heavily wounded, chance to affect: 64%)
The orc knight resists with some effort.
You block the orc warrior's attack.
The orc knight hits you from afar with a +0 halberd!
You take 9 damage, and have 44/88 hp.
There are monsters nearby!
Aiming: Mindburst
Press: ? - help, Shift-Dir - straight line, f/p - orc warrior
Aim: an orc warrior, wielding a +0 glaive and wearing a +0 ring mail (heavily wounded, chance to affect: 64%)
The orc knight resists with some effort.
The orc warrior hits you from afar with a +0 trident.
You block the orc knight's attack.
The orc warrior attacks as it pursues you!
The orc warrior hits you from afar with a +0 trident.
You take 3 damage, and have 41/88 hp.
The orc knight grunts loudly.
The orc knight attacks as it pursues you!
The orc knight hits you from afar with a +0 halberd!!
* * * LOW HITPOINT WARNING * * *
You take 18 damage, and have 23/88 hp.
MASSIVE DAMAGE!!
The orc warrior attacks as it pursues you!
The orc warrior hits you from afar with a +0 trident!
* * * LOW HITPOINT WARNING * * *
You take 14 damage, and have 10/88 hp.
The orc knight roars a battlecry!
The orc warriors go into a battle-frenzy!
There is a gate leading back out of this place here.
The orc warrior hits you from afar with a +0 trident!!
You die...

...≈≈≈≈#....#≈≈≈≈≈≈≈#
♣......#...)#....≈≈≈#
♣♣................≈≈#
##.♣♣.......♣.♣..♣
#.♣............♣
#....oo......###
##...o......##
#..........#
#♣..@..∩..♣#
♣........♣ ♣♣......♣♣
♣♣♣♣♣♣♣♣


You could see an orc knight and 2 orc warriors.

Vanquished Creatures
  A yak (D:6)
  A water moccasin (D:5)
  2 orc warriors (Bailey)
  2 black bears
  An ogre (D:5)
  A centaur (D:7)
  3 phantoms
  A bullfrog (D:7)
  2 brain worms (Sewer)
  Blork the orc (D:5)
  6 scorpions
  9 wights (D:6)
  A howler monkey (D:6)
  2 bombardier beetles
  2 jellies
  A gnoll bouda (D:4)
  3 hounds
  4 iguanas
  3 orc wizards
  4 gnolls (D:4)
  12 adders
  A river rat (D:4)
  4 ufetubi (D:6)
  2 ribbon worms
  21 orcs
  5 endoplasms
  2 giant cockroaches (D:4)
  9 goblins
  7 hobgoblins
  4 jackals (D:4)
  2 quokkas
  11 ball pythons
  7 bats
  6 frilled lizards
  5 kobolds
  12 rats
160 creatures vanquished.

Notes
Turn   | Place    | Note
-------+----------+-------------------------------------------
     0 | D:1      | IndexError the Troll Fighter began the quest for the Orb.
     0 | D:1      | Reached XP level 1. HP: 22/22 MP: 0/0
   141 | D:1      | Reached XP level 2. HP: 29/29 MP: 1/1
   978 | D:2      | Reached XP level 3. HP: 33/36 MP: 2/2
  1010 | D:2      | Reached skill level 3 in Shields
  1163 | D:2      | Reached skill level 3 in Unarmed Combat
  1444 | D:3      | Reached XP level 4. HP: 39/44 MP: 3/3
  1767 | D:3      | Reached skill level 3 in Fighting
  2290 | D:3      | Found a glowing silver altar of Zin.
  2290 | D:3      | Noticed an angel
  2394 | D:4      | Noticed a scorpion
  2406 | D:4      | Killed a scorpion
  2407 | D:4      | Reached skill level 3 in Dodging
  2407 | D:4      | Reached XP level 5. HP: 32/53 MP: 4/4
  2420 | D:4      | Noticed a phantom
  2431 | D:4      | Killed a phantom
  2432 | D:4      | Reached skill level 4 in Unarmed Combat
  2484 | D:4      | Found a hazy altar of Hepliaklqana.
  2489 | D:3      | Reached XP level 6. HP: 61/61 MP: 5/5
  2710 | D:4      | Found a glowing drain.
  2723 | Sewer    | Entered a sewer
  2914 | Sewer    | Reached skill level 4 in Shields
  2919 | Sewer    | Reached skill level 5 in Unarmed Combat
  2963 | Sewer    | Reached XP level 7. HP: 68/68 MP: 6/6
  3563 | D:5      | Entered Level 5 of the Dungeon
  3571 | D:5      | HP: 12/68 [acid (8)]
  3739 | D:5      | Reached skill level 4 in Fighting
  3739 | D:5      | Reached skill level 4 in Dodging
  3973 | D:5      | Reached skill level 6 in Unarmed Combat
  3978 | D:5      | Found Luurrite's Magic Scroll Shoppe.
  3983 | D:5      | Found a staircase to the Ecumenical Temple.
  4003 | Temple   | Entered the Ecumenical Temple
  4009 | Temple   | Became a worshipper of the Wu Jian Council
  4121 | D:5      | Found an iron altar of Okawaru.
  4133 | D:5      | Reached XP level 8. HP: 78/78 MP: 7/7
  4136 | D:5      | Noticed Blork the orc
  4153 | D:5      | Killed Blork the orc
  4213 | D:5      | Found a burning altar of Makhleb.
  4467 | D:6      | Found a blossoming altar of Fedhas.
  4468 | D:6      | Found a snail-covered altar of Cheibriados.
  4468 | D:6      | Found a stormy altar of Qazlal.
  4469 | D:6      | Found a bloodstained altar of Trog.
  4645 | D:6      | Found a glowing golden altar of the Shining One.
  4647 | D:6      | Noticed an angel
  4704 | D:6      | Reached skill level 5 in Shields
  4966 | D:6      | Reached skill level 7 in Unarmed Combat
  5371 | D:6      | Reached skill level 5 in Fighting
  5418 | D:6      | Found a basalt altar of Yredelemnul.
  5420 | D:6      | Noticed a profane servitor
  5473 | D:6      | Reached skill level 5 in Dodging
  5473 | D:6      | Reached XP level 9. HP: 70/85 MP: 8/8
  5509 | D:6      | Reached * piety under Wu Jian
  5520 | D:6      | Reached skill level 8 in Unarmed Combat
  5695 | D:7      | Found Big Besch's Weapon Emporium.
  5718 | D:7      | Found a flagged portal.
  5753 | Bailey   | Entered a bailey
  5834 | Bailey   | Reached skill level 6 in Shields
  5839 | Bailey   | Noticed an orc knight
  5852 | Bailey   | HP: 10/88 [orc warrior/+0 trident (15)]
  5857 | Bailey   | Slain by an orc warrior

Illustrated notes

Levels and vault maps discovered:
D:1:      zaba_arrival_water, layout_basic, minivault_14, minivault_23
D:2:      layout_basic, chequers_hall_statues_y
D:3:      layout_basic, zin_angel
D:4:      layout_rooms, mainiacjoe_overflow_small_starburst,
          portal_sewer_entry_e, kennysheep_flooded_box
D:5:      layout_basic, mainiacjoe_overflow_chevrons, kennysheep_mini_moat,
          minmay_temple_entry_slanted, serial_shops, shop, uniq_blork_the_orc
D:6:      layout_layer_cave, grunt_temple_overflow_holy_war,
          chequers_temple_overflow_statue_of_worship, st_stairs_9
D:7:      layout_loops_ring, serial_shops, nicolae_shop_statue_plus,
          enter_bailey_2, st_stairs_13, serial_bayou_pond_d,
          nicolae_elemental_shop
Temple:   hellmonk_temple_two_chambers
Bailey:   bailey_polearm_elven_captive_hellmonk, bailey

Skill      XL: |  1  2  3  4  5  6  7  8  9 |
---------------+----------------------------+-----
Shields        | 3 4 5 6 |  6.0
Unarmed Combat | 3 4 5 6 7 8 |  8.6
Fighting       | 3 4 5 |  5.4
Dodging        | 3 4 5 |  5.4

Action                     |  1- 3 |  4- 6 |  7- 9 || total
---------------------------+-------+-------+-------++-------
  Melee: Unarmed           |   104 |   119 |   239 ||   462
Ability: Lunge             |       |       |    35 ||    35
         Whirlwind         |       |       |     1 ||     1
  Evoke: Wand              |       |     2 |     3 ||     5
    Use: Scroll            |       |     6 |       ||     6
   Stab: Sleeping          |       |     1 |       ||     1
 Armour: Robe              |    71 |    79 |   126 ||   276
  Dodge: Dodged            |    25 |    35 |    70 ||   130
  Block: Kite shield       |    34 |    52 |    93 ||   179

Table legend: (Time is in decaauts)
 A = Elapsed time spent in this place.
 B = Non-inter-level travel time spent in this place.
 C = Inter-level travel time spent in this place.
 D = Time resting spent in this place.
 E = Time spent auto-exploring this place.
 F = Levels seen in this place.
 G = Mean time per level.
                   A        B        C        D        E       F      G
               +--------+--------+--------+--------+--------+-----+--------+
         Total |   5866 |   5264 |    602 |      0 |   4045 |  10 |  586.6 |
       Dungeon |   5493 |   4896 |    597 |      0 |   3836 |   7 |  784.7 |
        Temple |     12 |      7 |      5 |      0 |      0 |   1 |   12.0 |
         Sewer |    257 |    257 |      0 |      0 |    187 |   1 |  257.0 |
        Bailey |    103 |    103 |      0 |      0 |     22 |   1 |  103.0 |
               +--------+--------+--------+--------+--------+-----+--------+

Top non-repeatable levels by time:
     D:6: 1252 daAuts
     D:3: 1050 daAuts
     D:4: 935 daAuts
     D:1: 924 daAuts
     D:5: 776 daAuts
     D:2: 498 daAuts
   Sewer: 257 daAuts
  Bailey: 103 daAuts
     D:7: 56 daAuts
  Temple: 12 daAuts

Levels and vault maps discovered:
D:1:      zaba_arrival_water, layout_basic, minivault_14, minivault_23
D:2:      layout_basic, chequers_hall_statues_y
D:3:      layout_basic, zin_angel
D:4:      layout_rooms, mainiacjoe_overflow_small_starburst,
          portal_sewer_entry_e, kennysheep_flooded_box
D:5:      layout_basic, mainiacjoe_overflow_chevrons, kennysheep_mini_moat,
          minmay_temple_entry_slanted, serial_shops, shop, uniq_blork_the_orc
D:6:      layout_layer_cave, grunt_temple_overflow_holy_war,
          chequers_temple_overflow_statue_of_worship, st_stairs_9
D:7:      layout_loops_ring, serial_shops, nicolae_shop_statue_plus,
          enter_bailey_2, st_stairs_13, serial_bayou_pond_d,
          nicolae_elemental_shop
Temple:   hellmonk_temple_two_chambers
Bailey:   bailey_polearm_elven_captive_hellmonk, bailey

Table legend: (Time is in decaauts)
 A = Elapsed time spent in this place.
 B = Non-inter-level travel time spent in this place.
 C = Inter-level travel time spent in this place.
 D = Time resting spent in this place.
 E = Time spent auto-exploring this place.
 F = Levels seen in this place.
 G = Mean time per level.
                   A        B        C        D        E       F      G
               +--------+--------+--------+--------+--------+-----+--------+
         Total |   5866 |   5264 |    602 |      0 |   4045 |  10 |  586.6 |
       Dungeon |   5493 |   4896 |    597 |      0 |   3836 |   7 |  784.7 |
        Temple |     12 |      7 |      5 |      0 |      0 |   1 |   12.0 |
         Sewer |    257 |    257 |      0 |      0 |    187 |   1 |  257.0 |
        Bailey |    103 |    103 |      0 |      0 |     22 |   1 |  103.0 |
               +--------+--------+--------+--------+--------+-----+--------+

Top non-repeatable levels by time:
     D:6: 1252 daAuts
     D:3: 1050 daAuts
     D:4: 935 daAuts
     D:1: 924 daAuts
     D:5: 776 daAuts
     D:2: 498 daAuts
   Sewer: 257 daAuts
  Bailey: 103 daAuts
     D:7: 56 daAuts
  Temple: 12 daAuts

Table legend:
 A = Kills in this place as a percentage of kills in the entire game.
 B = Kills by you in this place as a percentage of kills by you in the entire game.
 C = Kills by friends in this place as a percentage of kills by friends in the entire game.
 D = Other kills in this place as a percentage of other kills in the entire game.
 E = Experience gained in this place as a percentage of experience gained in the entire game.
 F = Experience gained in this place divided by the number of levels of this place that you have seen.
                   A       B       C       D       E      F
               +-------+-------+-------+-------+-------+----------------------
         Total | 100.0 | 100.0 |   N/A |   N/A | 100.0 | 403.9
       Dungeon |  85.0 |  85.0 |   N/A |   N/A |  86.5 | 499.3
         Sewer |   7.5 |   7.5 |   N/A |   N/A |   6.1 | 245.0
        Bailey |   7.5 |   7.5 |   N/A |   N/A |   7.4 | 299.0
               +-------+-------+-------+-------+-------+----------------------
